 Dungeon Crawl Stone Soup version 0.19.4-8-ga85b6b9 (webtiles) character file.

2842 mrmercer the Carver (level 9, 78/78 HPs)
             Began as a Minotaur Fighter on Feb 6, 2017.
             Was a Believer of Dithmenos.
             Starved to death
             ... on level 7 of the Dungeon.
             The game lasted 01:05:27 (8107 turns).

mrmercer the Carver (Minotaur Fighter)              Turns: 8107, Time: 01:05:29

Health: 78/78      AC: 15    Str: 24    XL:     9   Next: 46%
Magic:  8/8        EV:  7    Int:  5    God:    Dithmenos [**....]
Gold:   423        SH:  4    Dex: 10    Spells: 0 memorised, 8 levels left

rFire  . . .     SeeInvis +     a - +0 long sword
rCold  . . .     Gourm    .     E - +1 plate armour
rNeg   . . .     Faith    .     (no shield)
rPois  .         Spirit   .     (helmet restricted)
rElec  .         Reflect  .     w - +0 cloak
rCorr  +         Harm     .     (no gloves)
MR     .....                    (no boots)
Stlth  ..........               (no amulet)
                                h - ring of resist corrosion
                                L - ring of see invisible

@: fainting, wreathed by umbra
A: retaliatory headbutt, horns 2, large bone plates 1, wild magic 1
a: Shadow Step, Renounce Religion


You were on level 7 of the Dungeon.
You worshipped Dithmenos.
Dithmenos was pleased with you.
You were fainting.

You visited 2 branches of the dungeon, and saw 8 of its levels.
You also visited: Ossuary.

You collected 423 gold pieces.

Inventory:

Hand Weapons
 a - a +0 long sword (weapon)
 o - a +0 scythe
 u - a +0 dagger of venom
 v - a +3 quarterstaff of chaos
 y - a +0 blowgun
 J - a -2 spear
 K - a +2 spear of piercing
 N - a +6 hand axe of chopping
 R - a +0 shortbow
Missiles
 j - 203 arrows
 A - 14 poisoned needles
Armour
 b - a +0 scale mail
 c - a +0 shield
 i - a cursed +0 ring mail
 l - a +0 chain mail
 m - a +0 scale mail
 q - a +2 robe of magic resistance
 w - a +0 cloak (worn)
 x - a +0 shield
 E - a +1 plate armour (worn)
Rods
 M - a +0 lightning rod (9/9)
   (You found it on level 5 of the Dungeon)
Jewellery
 h - a ring of resist corrosion (right hand)
 L - a ring of see invisible (left hand)
 Q - an uncursed ring of poison resistance
Wands
 D - a wand of random effects (24/48)
Scrolls
 e - a scroll of enchant armour
 f - a scroll of amnesia {unknown}
 k - a scroll of magic mapping {unknown}
 p - 2 scrolls of remove curse
 z - 2 scrolls of identify
 C - 4 scrolls of teleportation
 P - a scroll of blinking {unknown}
Potions
 d - a potion of might
 g - a potion of berserk rage {unknown}
 n - 2 potions of magic
 r - a potion of lignification
 s - a potion of invisibility {unknown}
 t - a potion of degeneration {unknown}
 B - a potion of heal wounds
 G - a potion of flight
 H - a potion of cancellation
 I - a potion of brilliance
 O - a potion of resistance
Books
 F - a book of Callings

   Spells                             Type                      Level
   a - Summon Small Mammal            Summoning                    1
   b - Call Imp                       Summoning                    2
   c - Call Canine Familiar           Summoning                    3
   d - Summon Guardian Golem          Hexes/Summoning              3
   e - Summon Lightning Spire         Summoning/Air                4
   f - Summon Ice Beast               Ice/Summoning                4


   Skills:
 + Level 6.9 Fighting
 * Level 11.3 Long Blades
 + Level 7.4 Armour
 + Level 2.0 Dodging
 + Level 7.0 Shields


You had 8 spell levels left.
You didn't know any spells.

Dungeon Overview and Level Annotations

Branches:
Dungeon (7/15)             Temple (1/1) D:7

Altars:
Ashenzari
Cheibriados
Dithmenos
Elyvilon
Fedhas
Gozag
Hepliaklqana
Kikubaaqudgha
Makhleb
Nemelex Xobeh
Qazlal
Sif Muna
Uskayaw
Vehumet
Yredelemnul
Zin
The Shining One


Innate Abilities, Weirdness & Mutations

You reflexively headbutt those who attack you in melee.
You have a pair of horns on your head.
You are partially covered in large bone plates. (SH +4)
Your spells are a little harder to cast, but a little more powerful.


Message History

The howler monkey zombie hits you but does no damage.
You slash the howler monkey zombie!
The howler monkey zombie is almost destroyed.
The howler monkey zombie barely misses you.
You barely miss the howler monkey zombie.
You headbutt the howler monkey zombie, but do no damage.
The howler monkey zombie is almost destroyed.
The howler monkey zombie closely misses you.
You furiously retaliate!
You headbutt the howler monkey zombie, but do no damage.
You hit the howler monkey zombie.
The howler monkey zombie is almost destroyed.
The howler monkey zombie barely misses you.
You furiously retaliate!
You headbutt the howler monkey zombie!
You destroy the howler monkey zombie!
Dithmenos accepts your kill.
Your Dodging skill increases to level 2!
P - a scroll labeled TOCAICKAVA You have starved to death.
You die...

...#######
#........#
#..#####.# # #..#
#.# ##### .
#..#####.####...#
#.#..#............#
#.#....###.####.@.#
.......# #.# ##.##
#.#....###.# #.#
#..........# #.#
####.####### #.#
#.# #.. ##'## ##.
##...## . ##.....##


There were no monsters in sight!

Vanquished Creatures
  The ghost of Azzok the Geomancer, a novice DDEE of Makhleb (D:6)
  The ghost of Tramtrist the Covert, a novice SpAs of Trog (D:7)
  Grinder (D:3)
  Sigmund (D:2)
  An ice beast (D:7)
  A sky beast (D:6)
  3 centaurs
  2 elf zombies (Ossuary)
  A bullfrog (D:6)
  3 scorpions
  3 killer bees (D:7)
  2 howler monkeys
  2 crimson imps (D:7)
  3 jellies
  2 bullfrog skeletons
  An orc priest (D:3)
  2 hounds (D:5)
  Crazy Yiuf (D:2)
  2 worker ants
  A human zombie (Ossuary)
  Natasha (thrice) (D:4 D:5)
  An orc wizard (D:3)
  A big kobold zombie (Ossuary)
  A hound zombie (D:7)
  Robin (D:2)
  A hound skeleton (D:6)
  2 mummies (Ossuary)
  A howler monkey zombie (D:7)
  12 adders
  3 adder zombies (Ossuary)
  An adder skeleton (D:7)
  5 worms
  4 dart slugs
  5 leopard geckos
  10 orcs
  4 giant cockroaches
  13 goblins
  10 hobgoblins
  11 jackals
  A ball python (D:2)
  8 bats
  3 frilled lizards
  7 hobgoblin zombies (Ossuary)
  2 jackal zombies (Ossuary)
  11 kobolds
  8 kobold zombies (Ossuary)
  11 orc zombies (Ossuary)
  A quokka zombie (D:7)
  8 rats
  2 rat zombies (Ossuary)
  5 fungi (D:2)
190 creatures vanquished.

Notes
Turn   | Place    | Note
-------+----------+-------------------------------------------
     0 | D:1      | mrmercer the Minotaur Fighter began the quest for the Orb.
     0 | D:1      | Reached XP level 1. HP: 19/19 MP: 0/0
    53 | D:1      | Reached XP level 2. HP: 14/27 MP: 1/1
   943 | D:1      | Reached XP level 3. HP: 33/33 MP: 2/2
  1396 | D:2      | Reached skill level 3 in Long Blades
  1530 | D:2      | Noticed Sigmund
  1535 | D:2      | Reached XP level 4. HP: 40/40 MP: 3/3
  1559 | D:2      | Killed Sigmund
  1559 | D:2      | Reached skill level 4 in Long Blades
  1559 | D:2      | Reached skill level 1 in Dodging
  1559 | D:2      | Reached skill level 5 in Shields
  1559 | D:2      | Reached XP level 5. HP: 4/46 MP: 4/4
  2031 | D:2      | Reached skill level 5 in Armour
  2043 | D:2      | Noticed Robin
  2052 | D:2      | Killed Robin
  2058 | D:2      | Reached XP level 6. HP: 49/52 MP: 5/5
  2261 | D:2      | Found an opulent altar of Gozag.
  2458 | D:2      | Found a runed door.
  2462 | D:2      | Noticed Crazy Yiuf
  2464 | D:2      | Killed Crazy Yiuf
  2700 | D:3      | Reached skill level 5 in Long Blades
  3067 | D:3      | Noticed Grinder
  3067 | D:3      | Paralysed by Grinder for 7 turns
  3095 | D:3      | Killed Grinder
  3095 | D:3      | Reached skill level 6 in Long Blades
  3095 | D:3      | Reached XP level 7. HP: 31/60 MP: 6/6
  3307 | D:3      | Found a shadowy altar of Dithmenos.
  3317 | D:3      | Became a worshipper of Dithmenos the Shadowed
  3909 | D:3      | Found a shattered altar of Ashenzari.
  4120 | D:4      | Found an ancient bone altar of Kikubaaqudgha.
  4414 | D:4      | Reached skill level 7 in Long Blades
  4552 | D:4      | Noticed Natasha
  4562 | D:4      | Killed Natasha
  4576 | D:4      | Noticed Natasha
  4582 | D:4      | Killed Natasha
  4645 | D:4      | Reached skill level 5 in Fighting
  4786 | D:5      | Entered Level 5 of the Dungeon
  4835 | D:5      | Noticed Natasha
  4841 | D:5      | Killed Natasha
  4885 | D:5      | Reached skill level 8 in Long Blades
  5189 | D:5      | Found a shadowy altar of Dithmenos.
  5378 | D:5      | Reached XP level 8. HP: 66/68 MP: 7/7
  5398 | D:5      | Noticed a hand axe
  5401 | D:5      | Noticed a hand axe
  5401 | D:5      | Found a hide-covered altar of Uskayaw.
  5522 | D:5      | Reached * piety under Dithmenos
  5627 | D:6      | Found a sand-covered staircase.
  5632 | Ossuary  | Entered an ossuary
  5797 | Ossuary  | Reached ** piety under Dithmenos
  5885 | Ossuary  | Reached skill level 9 in Long Blades
  5918 | D:6      | Noticed Azzok's ghost (novice DDEE)
  5936 | D:6      | Killed Azzok's ghost
  5985 | D:6      | Reached skill level 10 in Long Blades
  6773 | D:6      | Reached XP level 9. HP: 61/77 MP: 8/8
  6790 | D:6      | Gained mutation: You are partially covered in large bone plates. (SH +4) [mutagenic meat]
  6791 | D:6      | Gained mutation: Your spells are a little harder to cast, but a little more powerful. [mutagenic meat]
  6865 | D:6      | Found a snail-covered altar of Cheibriados.
  7067 | D:7      | Found a glowing silver altar of Zin.
  7201 | D:7      | Noticed Tramtrist's ghost (novice SpAs)
  7274 | D:7      | Killed Tramtrist's ghost
  7274 | D:7      | Reached skill level 11 in Long Blades
  7698 | D:7      | Found a stormy altar of Qazlal.
  7716 | D:7      | Found a staircase to the Ecumenical Temple.
  7720 | Temple   | Entered the Ecumenical Temple
  8015 | D:7      | Paralysed by fainting for 7 turns
  8061 | D:7      | Paralysed by fainting for 5 turns
  8107 | D:7      | Starved to death

Skill      XL: |  1  2  3  4  5  6  7  8  9 |
---------------+----------------------------+-----
Armour         | 4 5 6 7 |  7.4
Shields        | 4 5 6 7 |  7.0
Long Blades    | 3 4 6 8 10 11 | 11.3
Fighting       | 4 5 6 |  6.9
Dodging        | 1 2 |  2.0

Action                   |  1- 3 |  4- 6 |  7- 9 || total
-------------------------+-------+-------+-------++-------
Melee: Long sword        |    97 |   120 |   388 ||   605
       Headbutt          |    11 |    35 |    86 ||   132
  Use: Potion            |       |       |    12 ||    12
       Scroll            |       |       |     5 ||     5
  Eat: Bread ration      |     1 |     1 |     1 ||     3
       Fruit             |       |       |     1 ||     1
       Pizza             |       |       |     3 ||     3
       Chunk             |       |       |     4 ||     4
Armor: Scale mail        |    27 |       |       ||    27
       Chain mail        |    54 |    56 |    23 ||   133
       Plate armour      |       |       |   178 ||   178
Dodge: Dodged            |    38 |    27 |   104 ||   169
Block: Shield            |    69 |     5 |   123 ||   197
       Other             |       |       |    27 ||    27
       Rpst.: Long sword |     4 |     8 |    28 ||    40
